 Dungeon Crawl Stone Soup version 0.16-b1 (webtiles) character file.

260 abixa the Chucker (level 6, -5/51 HPs)
             Began as a Hill Orc Berserker on Mar 6, 2015.
             Was a Priest of Trog.
             Slain by a giant frog (6 damage)
             ... in a sewer.
             The game lasted 00:11:40 (2817 turns).

abixa the Chucker (Hill Orc Berserker)              Turns: 2817, Time: 00:11:40

Health: -5/51      AC: 10    Str: 20    XL:     6   Next: 17%
Magic:  6/6        EV:  8    Int:  7    God:    Trog [***...]
Gold:   131        SH:  0    Dex: 12    Spells: 0 memorised, 5 levels left

rFire  . . .     SeeInvis .     a - +0 hand axe
rCold  . . .     Clarity  .     k - +0 chain mail
rNeg   . . .     SustAb   .     (no shield)
rPois  .         Gourm    .     y - +0 helmet
rElec  .         Spirit   .     s - +0 cloak
rCorr  .         Warding  .     (no gloves)
rMut   .         Stasis   .     (no boots)
MR     ++...                    (no amulet)
Stlth  ..........               (no ring)
                                (no ring)

@: lethally poisoned (-5 -> -6), exhausted, about to teleport, regenerating,
slowed, very slow, very resistant to hostile enchantments, extremely unstealthy
A: no striking features
a: Burn Spellbooks, Berserk, Trog's Hand, Renounce Religion


You were in a sewer.
You worshipped Trog.
Trog was most pleased with you.
You were near starving.

You visited 1 branch of the dungeon, and saw 4 of its levels.
You also visited: Sewer.

You collected 131 gold pieces.

Inventory:

Hand weapons
 a - a +0 hand axe (weapon)
Missiles
 d - 2 tomahawks
 i - 85 stones (quivered)
 p - 3 needles of slowing
 C - 3 tomahawks of dispersal
Armour
 k - a +0 chain mail (worn)
 s - a +0 cloak (worn)
 y - a +0 helmet (worn)
Jewellery
 j - an uncursed ring of poison resistance {unknown}
 t - a +3 ring of dexterity {unknown}
 v - a +3 ring of intelligence {unknown}
 z - an uncursed amulet of resist mutation {unknown}
Scrolls
 e - 2 scrolls of fear {unknown}
 h - 2 scrolls of remove curse
 m - 2 scrolls of teleportation
 n - 3 scrolls of identify {unknown}
 o - 2 scrolls of fog {unknown}
 D - 2 scrolls of blinking {unknown}
 E - a scroll of recharging {unknown}
Potions
 b - a potion of lignification {unknown}
 f - 2 potions of restore abilities {unknown}
 g - a potion of brilliance {unknown}
 l - 3 potions of haste {unknown}
 q - a potion of curing {unknown}
 u - 5 potions of heal wounds {unknown}
 w - a potion of ambrosia {unknown}
 A - a potion of cure mutation {unknown}
 B - 2 potions of might {unknown}
Comestibles
 c - 3 meat rations
 r - a beef jerky
 x - a royal jelly


   Skills:
 - Level 3.6 Fighting
 + Level 5.1 Axes
 - Level 5.3 Throwing
 - Level 2.1 Armour
 - Level 1.5 Dodging


You had 5 spell levels left.
You didn't know any spells.

Dungeon Overview and Level Annotations

Branches:
Dungeon (4/15)
 Temple: D:4-7

Altars:
Cheibriados

Annotations:
D:4 2 exclusions


Message History

The adder bites you but does no damage.
The giant frog hits you but does no damage.
Read which item? (? for menu, Esc to quit)
As you read the scroll labeled DIOSOWK VESISH, it crumbles to dust.
You feel blessed for a moment.
It was a scroll of remove curse.
You feel sick.
The giant frog gives a loud, deep croak!
The giant frog barely misses you. The adder closely misses you.
The adder bites you.
* * * LOW HITPOINT WARNING * * *
You are more poisoned.
The adder poisons you!
The giant frog hits you but does no damage.
Unknown command.
Read which item? (? for menu, Esc to quit)
As you read the scroll labeled PSEHAU GHOG, it crumbles to dust.
You feel strangely unstable.
It was a scroll of teleportation.
You feel sick. The giant frog hits you.
* * * LOW HITPOINT WARNING * * *
The adder bites you but does no damage. The giant frog hits you.
You die...

#..##.... #..'.....
####....#
+#####################.....#
...≈≈≈≈≈≈≈≈≈≈≈≈≈≈≈≈≈.......#
....≈≈≈≈≈≈≈≈≈≈≈≈≈≈≈≈≈.....##
....≈≈≈≈≈≈≈≈≈≈≈≈≈≈≈≈≈......#
F...≈≈≈≈≈≈F≈≈≈≈≈≈≈≈≈≈≈....##
.....≈≈≈≈≈S@≈≈≈≈≈≈≈≈≈....##
...≈≈≈≈≈≈F≈≈≈≈≈≈≈≈≈≈..###
#######################


You could see 2 giant frogs and an adder.

Vanquished Creatures
  A hound (D:4)
  An iguana (D:4)
  10 adders
  3 river rats
  2 giant mites
  A worm (D:3)
  An orc (D:3)
  10 ball pythons
  A giant cockroach (D:4)
  2 hobgoblins (D:2)
  A kobold (D:2)
  6 bats
  5 giant newts
  6 goblins
  30 rats
80 creatures vanquished.

Notes
Turn   | Place    | Note
--------------------------------------------------------------
     0 | D:1      | abixa, the Hill Orc Berserker, began the quest for the Orb.
     0 | D:1      | Reached XP level 1. HP: 19/19 MP: 1/1
   374 | D:1      | Reached skill level 1 in Throwing
   597 | D:2      | Reached XP level 2. HP: 26/26 MP: 2/2
   899 | D:2      | Reached XP level 3. HP: 25/31 MP: 3/3
  1672 | D:3      | Acquired Trog's second power
  2043 | D:4      | Reached XP level 4. HP: 26/39 MP: 4/4
  2095 | D:4      | Found a snail-covered altar of Cheibriados.
  2132 | D:4      | Found a glowing drain.
  2137 | D:4      | Reached XP level 5. HP: 28/45 MP: 5/5
  2279 | Sewer    | Entered a sewer
  2483 | Sewer    | Reached skill level 5 in Throwing
  2561 | Sewer    | Received a gift from Trog
  2719 | Sewer    | Reached XP level 6. HP: 40/51 MP: 6/6
  2803 | Sewer    | Reached skill level 5 in Axes
  2817 | Sewer    | HP: 1/51 [giant frog (3)]
  2817 | Sewer    | Slain by a giant frog

Action                   |  1- 3 |  4- 6 || total
-------------------------+-------+-------++-------
Melee: Hand axe          |   162 |   188 ||   350
Throw: Stone             |    15 |     9 ||    24
Invok: Berserk           |       |     2 ||     2
       Trog's Hand       |       |     1 ||     1
  Use: Scroll            |       |     2 ||     2
  Eat: Chunk             |     3 |     4 ||     7
